 Dungeon Sprint DCSS version 0.16.1-11-g651b585 (webtiles) character file.

552 karlm the Fighter (level 7, -2/71 HPs)
             Began as a Minotaur Berserker on Apr 5, 2015.
             Was a Priest of Trog.
             Slain by Sonja
             ... wielding a +0 short sword of distortion
              (6 damage)
             ... in the Dungeon (Sprint I: "Red Sonja").
             The game lasted 00:02:09 (699 turns).

karlm the Fighter (Minotaur Berserker)               Turns: 699, Time: 00:02:09

Health: -2/71      AC:  2    Str: 21    XL:     7   Next: 8%
Magic:  3/3        EV: 16    Int:  4    God:    Trog [***...]
Gold:   17         SH:  0    Dex: 12    Spells: 0 memorised, 6 levels left

rFire  . . .     SeeInvis .     a - +0 hand axe
rCold  . . .     Clarity  +     b - +0 animal skin
rNeg   . . .     SustAb   .     (no shield)
rPois  .         Gourm    .     (helmet restricted)
rElec  .         Spirit   .     (no cloak)
rCorr  .         Warding  .     (no gloves)
rMut   .         NoTele   +     (no boots)
MR     .....                    m - amulet of clarity
Stlth  +.........               (no ring)
                                (no ring)

@: lethally poisoned (-2 -> -35), exhausted, short of breath, slowed, very slow,
not resistant to hostile enchantments, very unstealthy
A: retaliatory headbutt, horns 2
a: Burn Spellbooks, Berserk, Trog's Hand, Renounce Religion


You were in the Dungeon.
You worshipped Trog.
Trog was most pleased with you.
You were not hungry.

You visited 1 branch You collected 297 gold pieces.
You spent 280 gold pieces at shops.

Inventory:

Hand weapons
 a - a +0 hand axe (weapon)
Armour
 b - a +0 animal skin (worn)
Jewellery
 m - an amulet of clarity (around neck)
Magical devices
 j - a wand of polymorph (6)
Scrolls
 i - a scroll of blinking
 k - a scroll of immolation {unknown}
 l - 2 scrolls of remove curse {unknown}
Potions
 d - a potion of curing
 e - a potion of heal wounds
 f - a potion of haste
 g - 2 potions of magic
 h - a potion of berserk rage
Comestibles
 c - 5 chunks of flesh


   Skills:
 + Level 9.9 Fighting
 + Level 9.8 Axes
 + Level 9.4 Armour
 + Level 8.6 Dodging


You had 6 spell levels left.
You didn't know any spells.

Dungeon Overview and Level Annotations

Branches:
Dungeon (1/1)

Altars:
Cheibriados
Dithmenos
Elyvilon
Fedhas
Gozag
Kikubaaqudgha
Makhleb
Nemelex Xobeh
Okawaru
Qazlal
Ru
Sif Muna
Trog
Vehumet
Xom
Yredelemnul
Zin
The Shining One
Jiyva

Shops:
D =

Annotations:
D Sonja


Innate Abilities, Weirdness & Mutations

You reflexively headbutt those who attack you in melee.
You have a pair of horns on your head.


Message History

* * * LOW HITPOINT WARNING * * *
You feel as though you will be slow longer.
There is an open door, spattered with blood here.
Things that are here:
a curare-tipped needle; a yak skeleton You are no longer berserk.
You are exhausted.
You feel as though you will be slow longer.
* * * LOW HITPOINT WARNING * * *
You feel very sick.
Sonja shoots a curare-tipped needle.
The curare-tipped needle closely misses you.
* * * LOW HITPOINT WARNING * * *
You feel very sick.
Sonja unwields an uncursed blowgun.
Sonja wields an uncursed short sword of distortion.
Its appearance distorts for a moment.
Sonja completely misses you. Sonja misses you.
Sonja hits you but does no damage. Space warps horribly around you!
You die...

###################
#<.#..)..#.)'..#__#
#..').#..'..#..'..+
#..#####'#####'#__#
#..####..#(..#.####
#..#__####..##.#
#..#_..__##(#..+
#⌠⌠#_.∩K@.((.._#
####_..._##_(#+#
#_____###'# #######
#.# $.$ $.$# ##.##
#+#


You could see Sonja.

Vanquished Creatures
  A slime creature (D)
  A yak (D)
  An ogre (D)
  Sigmund (D)
  A jelly (D)
  Ijyb (D)
6 creatures vanquished.

Notes
Turn   | Place    | Note
--------------------------------------------------------------
     0 | D        | karlm, the Minotaur Berserker, began the quest for the Orb.
     0 | D        | Reached XP level 1. HP: 19/19 MP: 1/1
     1 | D        | Noticed Ijyb
    12 | D        | Killed Ijyb
    12 | D        | Reached skill level 4 in Fighting
    12 | D        | Reached XP level 2. HP: 28/28 MP: 1/1
    88 | D        | Noticed an ogre
    93 | D        | Killed an ogre
    93 | D        | Reached skill level 6 in Fighting
    93 | D        | Reached skill level 5 in Armour
    93 | D        | Reached skill level 5 in Dodging
    93 | D        | Reached XP level 3. HP: 38/38 MP: 2/2
    93 | D        | Reached XP level 4. HP: 45/45 MP: 2/2
    97 | D        | Noticed Sigmund
   109 | D        | Killed Sigmund
   109 | D        | Acquired Trog's second power
   109 | D        | Reached skill level 7 in Fighting
   109 | D        | Reached XP level 5. HP: 11/53 MP: 2/2
   320 | D        | Found a snail-covered altar of Cheibriados.
   320 | D        | Found a shadowy altar of Dithmenos.
   320 | D        | Noticed a slime creature
   321 | D        | Found a viscous altar of Jiyva.
   321 | D        | Found a blossoming altar of Fedhas.
   328 | D        | Killed a slime creature
   328 | D        | Reached skill level 9 in Fighting
   328 | D        | Reached XP level 6. HP: 35/63 MP: 3/3
   517 | D        | Found a deep blue altar of Sif Muna.
   517 | D        | Noticed a jelly
   519 | D        | Found a radiant altar of Vehumet.
   523 | D        | Killed a jelly
   553 | D        | Found Effeele's Jewellery Emporium.
   553 | D        | Found a white marble altar of Elyvilon.
   553 | D        | Found a stormy altar of Qazlal.
   553 | D        | Found a basalt altar of Yredelemnul.
   553 | D        | Found an iron altar of Okawaru.
   553 | D        | Found a sparkling altar of Nemelex Xobeh.
   553 | D        | Found a shimmering altar of Xom.
   553 | D        | Found an ancient bone altar of Kikubaaqudgha.
   553 | D        | Noticed a yak
   562 | D        | Killed a yak
   562 | D        | Reached XP level 7. HP: 57/71 MP: 3/3
   563 | D        | Found a burning altar of Makhleb.
   563 | D        | Found a sacrificial altar of Ru.
   563 | D        | Found a glowing golden altar of the Shining One.
   563 | D        | Found an opulent altar of Gozag.
   563 | D        | Found a glowing silver altar of Zin.
   566 | D        | Found a bloodstained altar of Trog.
   570 | D        | Bought an uncursed amulet of clarity for 280 gold pieces
   687 | D        | Noticed Sonja
   699 | D        | Slain by Sonja

Action                   |  1- 3 |  4- 6 |  7- 9 || total
-------------------------+-------+-------+-------++-------
Melee: Unarmed           |     8 |       |       ||     8
       Hand axe          |     5 |    23 |     1 ||    29
Invok: Berserk           |     2 |     2 |     1 ||     5
  Eat: Bread ration      |       |     1 |       ||     1
